 Dungeon Crawl Stone Soup version 0.25.1-8-g42b30a86e7 (webtiles) character file.

Game seed: 9728902382789354463

149 Destapler the Chucker (level 5, -1/55 HPs)
             Began as an Ogre Hunter on Dec 19, 2020.
             Was an Initiate of Gozag.
             Slain by a river rat (4 damage)
             ... in a sewer.
             The game lasted 00:10:21 (4086 turns).

Destapler the Chucker (Ogre Hunter)                 Turns: 4086, Time: 00:10:24

Health: -1/55      AC:  3    Str: 17    XL:     5   Next: 31%
Magic:  5/5        EV:  8    Int: 12    God:    Gozag
Gold:   348        SH:  7    Dex: 15    Spells: 4/4 levels left

rFire    + . .     SeeInvis .   a - +1 spear
rCold    + . .     Gourm    .   y - +0 kite shield
rNeg     . . .     Faith    .   b - +0 robe
rPois    .         Spirit   .   (helmet restricted)
rElec    .         Reflect  .   n - scarf {rC+ rF+}
rCorr    .         Harm     .   (gloves unavailable)
MR       .....     Rnd*Tele +   (boots unavailable)
Stlth    ++........             (no amulet)
HPRegen  0.18/turn              e - +6 ring of dexterity
MPRegen  0.09/turn              m - ring of teleportation

@: gold aura
A: large, unfitting armour, tough skin 1
a: Potion Petition, Call Merchant, Bribe Branch, Renounce Religion


You were in a sewer.
You worshipped Gozag.
Gozag was aware of your devotion.
You were hungry.

You visited 1 branch of the dungeon, and saw 4 of its levels.
You also visited: Sewer.

You collected 396 gold pieces.
You paid 48 gold pieces to Gozag.

Inventory:

Hand Weapons
 a - a +1 spear (weapon)
Missiles
 c - 9 large rocks (quivered)
 d - 2 throwing nets
 w - 5 javelins
Armour
 b - a +0 robe (worn)
 n - a scarf of resistance (worn)
 y - a +0 kite shield (worn)
Jewellery
 e - a +6 ring of dexterity (left hand)
 m - a ring of teleportation (right hand)
 p - an uncursed ring of ice {unknown}
 C - a +4 ring of slaying {unknown}
Wands
 x - a wand of enslavement (1)
 D - a wand of acid (11)
Scrolls
 g - 4 scrolls of identify
 i - 4 scrolls of teleportation
 j - 2 scrolls of amnesia
 s - a scroll of immolation {unknown}
 u - a scroll of enchant armour {unknown}
 v - 2 scrolls of noise {unknown}
Potions
 h - a potion of might
 o - 2 potions of heal wounds
 t - a potion of invisibility {unknown}
 z - a potion of mutation {unknown}
 A - a potion of lignification {unknown}
 B - 2 potions of curing {unknown}
Comestibles
 f - 6 rations


   Skills:
 + Level 4.9 Fighting
   Level 0.3 Short Blades
 + Level 5.0 Throwing
 - Level 2.0 Dodging
 - Level 1.0 Stealth
 * Level 1.2 Shields


You had 4 spell levels left.
You didn't know any spells.
Your spell library was empty.

Dungeon Overview and Level Annotations

Branches:
Dungeon (4/15)              Sewer (1/1)
 Temple: D:4-7

Altars:
Cheibriados
Gozag
Qazlal
Sif Muna


Innate Abilities, Weirdness & Mutations

You are too large for most types of armour.
You have tough skin. (AC +1)


Message History

The rat closely misses you. You block the rat's attack.
The rat closely misses you. The rat bites you.
* * * LOW HITPOINT WARNING * * *
As you read the scroll labeled ALESIG UBBUNALAL, it crumbles to dust.
It is a scroll of enchant weapon.
Your +0 spear glows red for a moment.
The rat bites you but does no damage. The rat bites you.
* * * LOW HITPOINT WARNING * * *
The river rat bites you.
* * * LOW HITPOINT WARNING * * *
The rat bites you but does no damage. x2; You block the rat's attack.
You block the river rat's attack. The rat barely misses you.
Okay, then.
As you read the scroll labeled NONARISCHOT, it crumbles to dust.
You feel as if something is helping you.
It was a scroll of remove curse.
You block the rat's attack. x2
The river rat bites you but does no damage.
The rat bites you but does no damage. x2; The river rat bites you.
You die...
Your body crumbles into a pile of gold.

≈≈≈≈≈≈≈≈≈≈≈≈≈≈≈......≈≈.≈
≈≈≈≈≈≈≈≈≈≈≈≈≈≈≈≈≈≈.≈≈.≈≈≈
≈≈≈≈≈≈≈≈≈≈≈≈≈≈≈≈≈≈≈≈≈≈≈≈
≈≈≈≈≈≈≈≈≈≈≈≈≈≈≈≈≈≈≈≈≈≈≈≈
≈≈≈≈≈≈≈≈≈≈≈≈≈..≈.≈..≈..≈
.≈.≈..........≈
.....§§......# #.§rrr...#
#rr@rr..# #.rrrr§.....
......r####.... .....##
..# ##### #


You could see 2 river rats and 10 rats.

Vanquished Creatures
  4 adders
  2 river rats (Sewer)
  2 oozes
  2 dart slugs
  A leopard gecko (D:2)
  3 orcs (D:3)
  5 bats
  4 giant cockroaches
  12 goblins
  11 hobgoblins
  3 jackals (D:2)
  3 kobolds (D:1)
  A quokka (D:2)
  7 ball pythons
  4 frilled lizards
  12 rats
76 creatures vanquished.

Notes
Turn   | Place    | Note
-------+----------+-------------------------------------------
     0 | D:1      | Destapler the Ogre Hunter began the quest for the Orb.
     0 | D:1      | Reached XP level 1. HP: 22/22 MP: 1/1
   184 | D:1      | Reached XP level 2. HP: 29/29 MP: 2/2
   196 | D:1      | Reached skill level 1 in Stealth
   741 | D:1      | Reached XP level 3. HP: 22/37 MP: 3/3
  1634 | D:2      | Found an opulent altar of Gozag.
  1648 | D:2      | Reached XP level 4. HP: 31/48 MP: 4/4
  1761 | D:2      | Became a worshipper of Gozag Ym Sagoz the Greedy
  3038 | D:3      | Found a snail-covered altar of Cheibriados.
  3038 | D:3      | Found a shimmering blue altar of Sif Muna.
  3144 | D:3      | Reached XP level 5. HP: 32/55 MP: 5/5
  3155 | D:3      | Reached skill level 5 in Throwing
  3637 | D:3      | Found a stormy altar of Qazlal.
  3719 | D:4      | Found a glowing drain.
  3727 | Sewer    | Entered a sewer
  3773 | Sewer    | Reached skill level 1 in Shields
  4067 | Sewer    | Noticed a big kobold
  4086 | Sewer    | Slain by a river rat

Illustrated notes

Levels and vault maps discovered:
D:1:      dpeg_arrival_round_a, layout_loops_ring, minmay_tetromino_t2
D:2:      layout_rooms, lemuel_crystal_altar, first_ration
D:3:      layout_loops_ring, nicolae_qazlal_eye_of_the_storm,
          chequers_temple_overflow_statue_of_worship,
          chequers_serial_rivers_micro_a, wad_floor_pattern_2,
          kennysheep_generic_room_6
D:4:      kennysheep_the_goblin_king, layout_gridville, portal_sewer_entry_a,
          minmay_increasing_density
Sewer:    sewer_minmay_treatment

Skill      XL: |  1  2  3  4  5 |
---------------+----------------+-----
Dodging        | 2 |  2.0
Fighting       | 3 4 |  4.9
Stealth        | 1 |  1.0
Throwing       | 5 |  5.0
Shields        | 1 |  1.2
Short Blades   | |  0.3

Action                   |  1- 3 |  4- 6 || total
-------------------------+-------+-------++-------
Melee: Short sword       |    14 |       ||    14
       Spear             |   120 |   176 ||   296
Evoke: Wand              |       |     1 ||     1
  Use: Scroll            |       |     6 ||     6
       Potion            |       |     2 ||     2
 Stab: Sleeping          |     3 |     4 ||     7
  Eat: Chunk             |     2 |     1 ||     3
       Ration            |       |     2 ||     2
Armor: Robe              |    30 |    63 ||    93
Dodge: Dodged            |    61 |   122 ||   183
Block: Kite shield       |       |    61 ||    61
